Unix NetHack Version 5.0.0-0 post-release - last build Jul 19 2026 19:10:59 (3aa4ab31751d3886436d94b585a96704892fd477,branch:main).

Game began 2026-07-28 16:48:12, ended 2026-07-28 19:19:06.

ChoHag, chaotic male orcish Ranger

                        --------------------------------#
                        |.........................`....|#
         -----          |.-|------..{.---------..-----.|#
         |...|          |.|..|(((|.---|..|....|.@|%%@-.|#     ------------
         |...|        ##..|..|((!|....|..| ...|..|%%.|.|#     |.........^|
         |....########  |.|..|.@.|.|..|..|--|--.-----|..######-.....[....|
         --.--          |.|---+---.----|--......-....|.|#     |....>`....|
           #            |.|..|.............-|--.|.a.a|.|#     |[.........|
           #            |.|..-.--|-..{.....|.@|.|..@@|.|#     --------)-.-
           #            |.----.|..|--|-....|..|.|..aa|.|##           ##
           ##           |......|..| ..|....|..|.-----|.|#
        ---.-           |.---+----|...|....----..| ..|.|#
        |..^|           |.|..*.|..|...|....@.....|...|.|#                 #
        |...|#          |.|....|..|...|..........-...|..########### ------.--
        |...|######     |.-------|-----..........-----.|#         # |p.....<|
        |....########   |..............................|##      ####-......[|
        |...|       ### --------------------------------#          #|..[....|
        -----         ###################################          #........|
                                                                    ---------

ChoHag the Trailblazer       St:17 Dx:12 Co:17 In:13 Wi:14 Ch:9  Chaotic S:9270
Dlvl:5  $:38 HP:0(41) Pw:34(34) AC:-10 Xp:8/2192 T:8425  Blind

Latest messages:
 You hear someone praising Mars.
 Something is written here in the dust.
 You read: "El|e??th".
 Where do you want to travel to?
 (For instructions type a '?')
 The priestess of Mars intones:
 "Pilgrim, you enter a sacred place!"
 You experience a sense of peace.
 A dagger lands on the altar.
 A dagger lands on the altar.
 An arrow lands on the altar.
 8 darts land on the altar.
 2 tins land on the altar.
 A key lands on the altar.
 What do you want to throw? [$b-duR or ?*] n
 In what direction? l
 The yellow gem hits the priestess of Mars.
 The priestess of Mars gets angry!
 Mars roars:  "Thou dost profane my shrine!"
 The bolt of lightning hits you!
 You are blinded by the flash!
 Mars roars:  "Thou dost profane my shrine!"
 Your arm tingles.
 The bolt of lightning hits the priestess of Mars.
 Angry guards are approaching!
 The priestess of Mars casts a spell!
 The priestess of Mars summons insects!
 #oops: unknown extended command.
 Talk to whom? (in what direction) l
 "Talk?  Here is what I have to say!"
 The giant ant misses!
 The killer bee stings!
 The giant ant misses!
 The giant ant bites!
 The priestess of Mars kicks!
 You hear a mumbled curse.
 The priestess of Mars hits!
 The priestess of Mars misses!
 You hear a mumbled curse.
 The giant ant misses!
 The killer bee misses!
 The giant ant bites!
 The giant ant misses!
 Are you waiting to get hit?  Use 'm' prefix to force a no-op (to rest).
 The giant ant misses!
 The killer bee stings!
 The giant ant misses!
 The giant ant bites!
 The priestess of Mars hits!
 You die...

Inventory:
 Coins    ('$')
  $ - 38 gold pieces
 Weapons  (')')
  a - a +1 orcish dagger (weapon in right hand)
  b - a +1 orcish bow (alternate weapon; not wielded)
  c - 17 +2 orcish arrows
  d - 17 +0 orcish arrows (in quiver)
  u - 8 poisoned +0 orcish arrows
  R - 7 +2 darts
 Armor    ('[')
  e - a blessed +2 cloak of displacement
  j - an uncursed +0 dwarvish iron helm (being worn)
  s - an uncursed +0 pair of jumping boots (being worn)
  t - an uncursed +0 elven mithril-coat (being worn)
  J - an uncursed +0 cloak of magic resistance (being worn)
  X - a blessed +1 pair of leather gloves (being worn)
 Comestibles  ('%')
  f - an uncursed tripe ration
  g - an uncursed cheese
  h - 2 uncursed food rations
  C - an uncursed lizard corpse
  K - 2 uncursed C-rations
  P - an uncursed K-ration
 Scrolls  ('?')
  l - 3 uncursed scrolls of teleportation
  m - an uncursed scroll of confuse monster
  q - an uncursed scroll of taming
  v - an uncursed scroll of identify
  x - a cursed scroll of teleportation
  y - an uncursed scroll of fire
  G - a cursed scroll of taming
  M - a blessed scroll of identify
  T - an uncursed scroll of create monster
  V - an uncursed scroll of light
 Potions  ('!')
  o - 2 uncursed potions of confusion
  p - an uncursed potion of object detection
  r - 2 uncursed potions of healing
  B - an uncursed potion of speed
  D - a blessed potion of levitation
  N - a blessed potion of paralysis
  W - an uncursed potion of sickness
 Rings    ('=')
  H - an uncursed +1 ring of gain constitution (on left hand)
 Wands    ('/')
  w - a wand of speed monster (0:0)
  A - a wand of secret door detection (0:13)
  U - a wand of teleportation (0:0)
  Z - a wand of polymorph (0:7)
 Tools    ('(')
  I - an uncursed towel
  L - an uncursed partly used tallow candle
 Gems/Stones  ('*')
  i - an uncursed flint stone
  O - an uncursed luckstone

ChoHag the Ranger's attributes:

Background:
 You were a Trailblazer, a level 8 male orcish Ranger.
 You were chaotic, on a mission for Mars
 who was opposed by Mercury (lawful) and Venus (neutral).
 You were right-handed.
 You were in the Gnomish Mines, on level 5.
 You entered the dungeon 8425 turns ago.
 You had 2192 experience points, 368 more were needed to attain level 9.
 Your score was 9270 before end-of-game adjustments.

Basics:
 You had 0 out of 41 hit points.
 You had all 34 energy points (spell power).
 Your armor class was -10.
 Your wallet contained 38 zorkmids.
 Autopickup was off.

Final Characteristics:
 Your strength was 17 (limit:18/50).
 Your dexterity was 12 (limit:18).
 Your constitution was 17 (base:16, limit:18).
 Your intelligence was 13 (limit:16).
 Your wisdom was 14 (limit:16).
 Your charisma was 9 (limit:16).

Final Status:
 You were temporarily blind.
 You weren't hungry.
 You were unencumbered.
 You were wielding a dagger.
 You had basic skill with dagger and could have enhanced that.

Final Attributes:
 You were piously aligned.
 You were magic-protected.
 You were sleep resistant.
 You were poison resistant.
 You were telepathic.
 You had automatic searching.
 You had infravision.
 You were stealthy.
 You could jump.
 You had a moderate defense bonus (+9).
 You were guarded.
 You were very lucky.
 You had extra luck.
 Bad luck did not time out for you.
 Good luck did not time out for you.
 You are dead.

Miscellaneous:
 You didn't encounter any bones levels.
 Total elapsed playing time was 2 hours, 30 minutes and 53 seconds.

Major events:
 Turn
    1: ChoHag the chaotic male orcish Ranger entered the dungeon
  399: entered the Gnomish Mines
 3467: reached Mine Town
 3673: attained the rank of Lookout (level 3)
 4735: attained the rank of Trailblazer (level 6)
 5276: acquired the Mines' End luckstone
 8425: killed by a priestess of Mars

You didn't know any spells.

Skills:
 Fighting Skills
   bare handed combat [Unskilled]
   riding             [Unskilled]
 Weapon Skills
   dagger             [Basic]
   knife              [Unskilled]
   axe                [Unskilled]
   pick-axe           [Unskilled]
   short sword        [Unskilled]
   morning star       [Unskilled]
   flail              [Unskilled]
   hammer             [Unskilled]
   quarterstaff       [Unskilled]
   polearms           [Unskilled]
   spear              [Unskilled]
   trident            [Unskilled]
   bow                [Basic]
   sling              [Unskilled]
   crossbow           [Unskilled]
   dart               [Unskilled]
   shuriken           [Unskilled]
   boomerang          [Unskilled]
   whip               [Unskilled]
 Spellcasting Skills
   healing spells     [Unskilled]
   divination spells  [Unskilled]
   escape spells      [Unskilled]

Voluntary challenges:
 Character rerolling was not enabled.
 You never genocided any monsters.
 You never polymorphed an object.
 You never changed form.
 You used no wishes.
Achievements:
 You entered the Gnomish Mines.
 You entered a shop.
 You entered Minetown.
 You entered a temple.
 You attained the rank of Lookout.
 You attained the rank of Trailblazer.
 You completed the Gnomish Mines.

 The Dungeons of Doom: levels 1 to 4
    Level 1: "unvault"
       Some fountains.
    Level 2: "unvault"
       An armor shop.
       Stairs down to The Gnomish Mines.
    Level 3: "unvault"
       A general store, a fountain, a grave.
    Level 4:
 The Gnomish Mines: levels 3 to 10
    Level 3:
    Level 4:
    Level 5: "open stash" <- You were here.
       Some shops, a temple and an altar to Mars, some fountains.
       Final resting place for
          you, killed by a priestess of Mars.
    Level 6:
    Level 7:
    Level 8:
    Level 9:
    Level 10:
       A fountain.


Vanquished creatures:
  a vampire leader
  a vampire
  2 elf-nobles
  a warhorse
 an ettin mummy
  a large dog
  a flaming sphere
  3 soldiers
  2 watchmen
  a chameleon
  a crocodile
  a quivering blob
  a vampire bat
  2 gnome rulers
 an orc mummy
  a dwarf mummy
  a lizard
  3 jaguars
  2 dwarf leaders
  2 ravens
  a gnome mummy
  a snake
  3 apes
  2 human zombies
  a Woodland-elf
  3 Mordor orcs
  2 Uruk-hai
  a rock mole
  a pony
  a yellow light
  a shrieker
 11 gnome leaders
  3 gnomish wizards
  2 kobold mummies
  2 elf zombies
  a giant ant
  a floating eye
 13 dwarves
  a rabid rat
  a giant bat
  5 monkeys
  2 orc zombies
 an iguana
  2 acid blobs
  2 gas spores
  2 hobbits
  2 giant rats
  4 cave spiders
  2 yellow molds
  a green mold
 50 gnomes
  a gnome zombie
  6 geckos
  8 jackals
  5 foxes
  a kobold
  2 goblins
  4 sewer rats
  9 grid bugs
 15 lichens
  a kobold zombie
 13 newts
219 creatures vanquished.

No species were genocided or became extinct.

Game over:
                       ----------
                      /          \
                     /    REST    \
                    /      IN      \
                   /     PEACE      \
                  /                  \
                  |      ChoHag      |
                  |      38 Au       |
                  |   killed by a    |
                  |   priestess of   |
                  |       Mars       |
                  |                  |
                  |       2026       |
                 *|     *  *  *      | *
        _________)/\\_//(\/(/\)/\//\/|_)_______

Goodbye ChoHag the Ranger...

You died in The Gnomish Mines on dungeon level 5 with 9267 points,
and 38 pieces of gold, after 8425 moves.
You were level 8 with a maximum of 41 hit points when you died.

